 Dungeon Crawl Stone Soup version 0.24-a0-170-gd8427f5388 (webtiles) character file.

Game seed: 12238996695047305622

534 Roikka the Cudgeler (level 7, -2/82 HPs)
             Began as a Human Berserker on Mar 11, 2019.
             Was a Believer of Trog.
             Slain by a slave (8 damage)
             ... led by Pikel
             ... on level 4 of the Dungeon.
             The game lasted 00:08:52 (2953 turns).

Roikka the Cudgeler (Human Berserker)               Turns: 2953, Time: 00:08:52

Health: -2/82      AC:  5    Str: 25    XL:     7   Next: 50%
Magic:  7/7        EV: 12    Int:  7    God:    Trog [**....]
Gold:   113        SH:  0    Dex: 12    Spells: 6/6 levels left

rFire    . . .     SeeInvis .   a - +1 mace
rCold    + . .     Gourm    .   (no shield)
rNeg     . . .     Faith    .   p - +0 ring mail
rPois    .         Spirit   .   (no helmet)
rElec    .         Reflect  .   (no cloak)
rCorr    .         Harm     .   (no gloves)
MR       .....                  (no boots)
Stlth    ..........             (no amulet)
HPRegen  0.23/turn              l - ring of protection from cold
MPRegen  0.10/turn              (no ring)

@: berserking (expiring), slow
A: no striking features
a: Berserk, Trog's Hand, Renounce Religion


You were on level 4 of the Dungeon.
You worshipped Trog.
Trog was pleased with you.
You were hungry.

You visited 1 branch of the dungeon, and saw 4 of its levels.

You collected 113 gold pieces.

Inventory:

Hand Weapons
 a - a +1 mace (weapon)
Armour
 p - a +0 ring mail (worn)
Jewellery
 l - a ring of protection from cold (left hand)
Wands
 b - a wand of random effects (9)
Scrolls
 d - a scroll of remove curse
 f - a scroll of immolation
 i - 4 scrolls of identify
 k - 2 scrolls of enchant weapon
 m - 4 scrolls of teleportation
Potions
 e - 4 potions of curing
 j - 2 potions of berserk rage
 n - a potion of invisibility {unknown}
 o - 2 potions of heal wounds
 q - a potion of flight {unknown}
 r - 3 potions of mutation {unknown}
Comestibles
 c - 4 rations
 g - 2 chunks of flesh


   Skills:
 + Level 4.4 Fighting
 * Level 5.6 Maces & Flails
 + Level 3.7 Armour
 + Level 3.8 Dodging


You had 6 spell levels left.
You didn't know any spells.
Your spell library was empty.

Dungeon Overview and Level Annotations

Branches:
Dungeon (4/15)
 Temple: D:4-7

Altars:
Nemelex Xobeh
Okawaru

Portals:
Sewer: D:4

Annotations:
D:4 Pikel


Message History

The ball python bites you but does no damage.
The ball python closely misses you. The rat bites you.
* * * LOW HITPOINT WARNING * * *
Pikel drinks a potion.
Pikel suddenly seems more resistant.
The orc wizard gestures wildly while chanting.
The orc wizard blinks!
You bludgeon the ball python!!
You kill the ball python!
Trog accepts your kill. The ball python barely misses you.
The ball python grabs you.
* * * LOW HITPOINT WARNING * * *
The ball python constricts you. The rat bites you.
* * * LOW HITPOINT WARNING * * *
The rat barely misses you.
You escape the ball python's grasp.
The rat bites you but does no damage.
The giant cockroach bites you but does no damage.
You see here a ball python corpse.
Your unstable footing causes you to fumble your attack.
The slave hits you!
You die...

#...#.####.##
#.#.#....#..#
#...........#
#...........#
#..K≈≈≈.o..#
#..≈≈≈≈≈p..#
#..≈≈poo...#
#?.≈s@≈≈...#
#...rSsp...#
#....rp....#
#..........#
##.........#
###########


You could see Pikel, 4 slaves, an orc priest, an orc wizard, an orc, 2 giant
cockroaches, a ball python and 2 rats.

Vanquished Creatures
  Sigmund (D:3)
  Purgy (D:3)
  A phantom (D:4)
  A howler monkey (D:4)
  Jessica (D:3)
  4 adders
  2 oozes
  2 adder skeletons (D:4)
  2 worms
  A dart slug (D:3)
  5 leopard geckos
  6 orcs
  2 giant cockroaches
  8 goblins
  6 hobgoblins
  4 jackals
  8 kobolds
  A ball python (D:4)
  3 bats
  4 frilled lizards
  4 rats
67 creatures vanquished.

Notes
Turn   | Place    | Note
-------+----------+-------------------------------------------
     0 | D:1      | Roikka the Human Berserker began the quest for the Orb.
     0 | D:1      | Reached XP level 1. HP: 18/18 MP: 1/1
   242 | D:1      | Reached XP level 2. HP: 24/24 MP: 2/2
   553 | D:1      | Reached XP level 3. HP: 26/29 MP: 3/3
   810 | D:1      | You fall through a shaft!
  1275 | D:2      | Found an iron altar of Okawaru.
  1399 | D:2      | Reached XP level 4. HP: 31/35 MP: 4/4
  1446 | D:2      | Found a sparkling altar of Nemelex Xobeh.
  1658 | D:3      | Reached ** piety under Trog
  1827 | D:3      | Noticed Sigmund
  1840 | D:3      | Killed Sigmund
  1840 | D:3      | Reached skill level 4 in Maces & Flails
  1840 | D:3      | Reached XP level 5. HP: 42/42 MP: 5/5
  1840 | D:3      | Reached XP level 6. HP: 48/48 MP: 6/6
  2408 | D:3      | Noticed Purgy
  2418 | D:3      | Killed Purgy
  2418 | D:3      | Reached skill level 5 in Maces & Flails
  2423 | D:3      | Noticed Jessica
  2427 | D:3      | Killed Jessica
  2427 | D:3      | Reached XP level 7. HP: 47/54 MP: 7/7
  2948 | D:4      | Found a glowing drain.
  2949 | D:4      | Noticed Pikel
  2953 | D:4      | Slain by a slave

Levels and vault maps discovered:
D:1:      dpeg_arrival_rooms_b, layout_loops_ring,
          minmay_misc_feat_four_crosses, columned_hall_lemuel
D:2:      cheibrodos_helix_gallery, layout_basic, marbit_many_paths,
          okawaru_trees_1
D:3:      layout_loops_cross, uniq_purgy, uniq_sigmund, uniq_jessica
D:4:      layout_basic, lemuel_doored_altar, serial_curves, eino_curves_03,
          eino_curves_03, portal_sewer_entry_a, first_ration,
          minmay_divided_ellipse, uniq_edmund, uniq_pikel

Skill      XL: |  1  2  3  4  5  6 |
---------------+-------------------+-----
Maces & Flails | 4 5 |  5.6
Armour         | 3 |  3.7
Dodging        | 3 |  3.8
Fighting       | 4 |  4.4

Action                   |  1- 3 |  4- 6 |  7- 9 || total
-------------------------+-------+-------+-------++-------
Melee: Mace              |    73 |    84 |    77 ||   234
Invok: Berserk           |     1 |     2 |     1 ||     4
  Use: Scroll            |     4 |     1 |     6 ||    11
 Stab: Sleeping          |     2 |       |       ||     2
  Eat: Chunk             |     2 |     5 |     2 ||     9
Armor: Animal skin       |     9 |     4 |       ||    13
       Ring mail         |       |    18 |    17 ||    35
Dodge: Dodged            |    49 |    56 |    54 ||   159

Table legend:
 A = Non-vault XP
 B = Vault XP
 C = Vault XP percentage of total XP
 D = Non-vault monster count
 E = Vault monster count
 F = Vault count percentage of total count
                 A         B        C        D         E       F
            +---------+---------+-------+---------+---------+-------
      Total |     147 |     617 |  80.8 |      53 |      14 |  20.9
            +---------+---------+-------+---------+---------+-------
        D:1 |      38 |       0 |   0.0 |      18 |       0 |   0.0
        D:2 |      30 |       6 |  16.7 |       9 |       3 |  25.0
        D:3 |      61 |     402 |  86.8 |      23 |       3 |  11.5
        D:4 |      18 |     209 |  92.1 |       3 |       8 |  72.7
            +---------+---------+-------+---------+---------+-------
